 Dungeon Crawl Stone Soup version 0.20-a0-830-g2c9a30d (webtiles) character file.

646 M4edhros the Sneak (level 7, -4/49 HPs)
             Began as an Octopode Artificer on Mar 7, 2017.
             Was a Believer of Trog.
             Shot with an arrow by a centaur (11 damage)
             ... on level 5 of the Dungeon.
             The game lasted 00:04:03 (3816 turns).

M4edhros the Sneak (Octopode Artificer)             Turns: 3816, Time: 00:04:03

Health: -4/49      AC:  1    Str: 11    XL:     7   Next: 52%
Magic:  3/3        EV: 15    Int: 13    God:    Trog [**....]
Gold:   131        SH:  0    Dex: 15    Spells: 6/6 levels left

rFire    + . .     SeeInvis .   t - +2 short sword (antimagic)
rCold    x . .     Gourm    .   (no shield)
rNeg     . . .     Faith    .   (helmet restricted)
rPois    .         Spirit   .   (no amulet)
rElec    .         Reflect  .   l - ring of fire
rCorr    .         Harm     .   (no ring)
MR       ++...                  (no ring)
Stlth    ++++......             (no ring)
Regen    1.2/turn               (no ring)
MPRegen  0.1/turn               (no ring)
                                (no ring)
                                (no ring)

@: exhausted, regenerating, slowed, very slow
A: almost no armour, stealthy swim, amphibious, 8 rings, constrict 8, camouflage
1, gelatinous body 1
a: Berserk, Trog's Hand, Burn Spellbooks, Renounce Religion


You were on level 5 of the Dungeon.
You worshipped Trog.
Trog was pleased with you.
You were hungry.

You visited 1 branch of the dungeon, and saw 5 of its levels.

You collected 131 gold pieces.

Inventory:

Hand Weapons
 p - a +0 hunting sling
 t - a +2 antimagic short sword (weapon)
 x - a +2 flail of holy wrath
Missiles
 q - 129 stones (quivered)
Jewellery
 l - a ring of fire (left tentacle)
Wands
 b - a wand of flame (13/48)
 c - a wand of enslavement (13/24)
 d - a wand of random effects (13/48)
 w - a wand of random effects (8/48)
Scrolls
 g - 6 scrolls of identify {unknown}
 h - 2 scrolls of blinking {unknown}
 k - a scroll of amnesia {unknown}
 m - 3 scrolls of remove curse {unknown}
 n - a scroll of fog {unknown}
 o - 3 scrolls of teleportation {unknown}
 s - 3 scrolls of enchant weapon {unknown}
 u - a scroll of magic mapping {unknown}
Potions
 a - a potion of lignification {unknown}
 e - 2 potions of curing
 r - a potion of degeneration {unknown}
Comestibles
 f - 6 bread rations
 j - a meat ration
 v - a royal jelly


   Skills:
 * Level 4.4 Fighting
 - Level 1.0 Short Blades
 * Level 4.2 Slings
 + Level 3.8 Dodging
 - Level 4.9 Stealth
 - Level 3.2 Evocations


You had 6 spell levels left.
You didn't know any spells.

Dungeon Overview and Level Annotations

Branches:
Dungeon (5/15)
 Temple: D:4-7

Altars:
Fedhas
Kikubaaqudgha
Trog

Shops:
D:4 }


Innate Abilities, Weirdness & Mutations

You cannot wear most types of armour.
You are very stealthy in the water. (Stealth+)
You are amphibious.
You can wear up to eight rings at the same time.
You can use your tentacles to constrict eight enemies at once.
Your skin changes colour to match your surroundings (Stealth+).
Your rubbery body absorbs attacks. (AC +1, EV +1)


Message History

You feel your anger subside.
You are no longer berserk.
You are exhausted.
You feel yourself slow down.
You feel much better.
The centaur shoots an arrow.
The arrow closely misses you.
Your skin crawls.
You feel resistant to hostile enchantments.
You feel somewhat more hungry. The ice beast hits you.
The ice beast freezes you!!
You feel a terrible chill!
* * * LOW HITPOINT WARNING * * *
The ice beast closely misses you.
Evoke which item? (* to show all) (? for menu, Esc to quit)
Aiming: Enslavement
Press: ? - help, Shift-Dir - straight line, f - ice beast
Aim: an ice beast (chance to defeat MR: 55%)
The ice beast is charmed.
This wand has 13 charges left.
The centaur shoots an arrow.
The arrow hits your ice beast!
The centaur shoots an arrow.
The arrow barely misses your ice beast. The arrow hits you!
You die...

.# # .#.# .#.#
... #######.###
#.c.Y.....#
#.#.#@(##.#
#...#.#...#.#
#....#.##..#.#
....#.#.##<...#
#...###.#.#######
≈... #.#.. ..♣
#?### .. ..#


You could see a centaur and a friendly ice beast.

Vanquished Creatures
  Edmund (D:4)
  An eye of draining (D:3)
  A phantom (D:4)
  A howler monkey (D:4)
  A bullfrog skeleton (D:5)
  An orc priest (D:4)
  2 orc wizards (D:4)
  Jessica (D:3)
  2 worker ants (D:4)
  2 adders (D:3)
  2 oozes
  An adder skeleton (D:4)
  A worm (D:3)
  3 dart slugs (D:1)
  A leopard gecko (D:2)
  10 orcs
  8 bats
  4 giant cockroaches
  8 goblins
  8 hobgoblins
  3 jackals (D:3)
  3 kobolds
  3 quokkas
  7 frilled lizards
  9 rats
84 creatures vanquished.

Vanquished Creatures (collateral kills)
  A worm (D:4)
1 creature vanquished.

Grand Total: 85 creatures vanquished

Notes
Turn   | Place    | Note
-------+----------+-------------------------------------------
     0 | D:1      | M4edhros the Octopode Artificer began the quest for the Orb.
     0 | D:1      | Reached XP level 1. HP: 13/13 MP: 3/3
   211 | D:1      | Reached XP level 2. HP: 8/18 MP: 4/4
   515 | D:2      | Found a bloodstained altar of Trog.
   556 | D:2      | Became a worshipper of Trog the Wrathful
   599 | D:1      | Reached XP level 3. HP: 23/23 MP: 5/5
  1281 | D:2      | Reached * piety under Trog
  1858 | D:3      | Reached XP level 4. HP: 13/28 MP: 6/6
  2100 | D:3      | Reached skill level 1 in Slings
  2385 | D:3      | Noticed Jessica
  2387 | D:3      | Killed Jessica
  2387 | D:3      | Reached XP level 5. HP: 34/34 MP: 7/7
  2390 | D:3      | Found a bloodstained altar of Trog.
  2390 | D:3      | Noticed an eye of draining
  2402 | D:3      | Killed an eye of draining
  2429 | D:3      | Reached XP level 6. HP: 30/41 MP: 2/8
  2671 | D:3      | Reached ** piety under Trog
  2711 | D:3      | Found a blossoming altar of Fedhas.
  3028 | D:4      | Noticed Edmund
  3092 | D:4      | Killed Edmund
  3110 | D:4      | Found an ancient bone altar of Kikubaaqudgha.
  3133 | D:4      | Noticed a phantom
  3153 | D:4      | Killed a phantom
  3153 | D:4      | Reached XP level 7. HP: 24/47 MP: 3/9
  3534 | D:4      | Found Sowunkij's Gadget Shoppe.
  3792 | D:5      | Entered Level 5 of the Dungeon
  3816 | D:5      | Shot with an arrow by a centaur

Vault maps used:
D:1:      minmay_arrival_glassed_features
D:2:      trog_three_pillars_becter
D:3:      fedhas_altar_4, trog_eyes_of_draining, first_bread, uniq_jessica
D:4:      kiku_gazebo_garden_becter, serial_shops, shop_fountains, uniq_edmund
D:5:      elyvilon_altar_4, uniq_sigmund

Skill      XL: |  1  2  3  4  5  6  7 |
---------------+----------------------+-----
Stealth        | 3 4 |  4.9
Slings         | 1 2 3 4 |  4.2
Fighting       | 2 3 4 |  4.4
Dodging        | 3 |  3.8
Short Blades   | |  1.0
Evocations     | |  3.2

Action                   |  1- 3 |  4- 6 |  7- 9 || total
-------------------------+-------+-------+-------++-------
Melee: Short sword       |    59 |    72 |    22 ||   153
       Tentacles         |    15 |    11 |     7 ||    33
       Constrict         |    13 |    21 |     5 ||    39
       Flail             |       |     7 |       ||     7
 Fire: Hunting sling     |    22 |       |       ||    22
Invok: Berserk           |       |     2 |     1 ||     3
       Trog's Hand       |       |       |     1 ||     1
Evoke: Wand              |       |     4 |     2 ||     6
  Use: Potion            |       |     2 |     2 ||     4
 Stab: Sleeping          |    13 |    12 |     3 ||    28
       Distracted        |     1 |       |       ||     1
  Eat: Chunk             |     2 |     6 |     3 ||    11
Armor: Skin              |     8 |     2 |     1 ||    11
Dodge: Dodged            |    49 |    49 |    16 ||   114
